 Dungeon Crawl Stone Soup version 0.26-a0-720-g2a1d101370 (webtiles) character file.

Game seed: 3398638223748022397

44 marklar909 the Ruffian (level 3, -1/28 HPs)
             Began as a Draconian Transmuter on Nov 3, 2020.
             Slain by Crazy Yiuf
             ... wielding a +4 quarterstaff of chaos
              (10 damage)
             ... on level 2 of the Dungeon.
             The game lasted 00:02:18 (2444 turns).

marklar909 the Ruffian (Draconian Transmuter)       Turns: 2444, Time: 00:02:18

Health: -1/28      AC: 12    Str: 13    XL:     3   Next: 39%
Magic:  6/6        EV: 19    Int: 13    God:
Gold:   116        SH:  0    Dex: 11    Spells: 5/6 levels left

rFire    . . .     SeeInvis .     - Unarmed
rCold    . . .     Faith    .   (shield currently unavailable)
rNeg     + + +     Spirit   .   (armour unavailable)
rPois    +         Reflect  .   (helmet currently unavailable)
rElec    .         Harm     .   (cloak currently unavailable)
rCorr    .         Rampage  .   (gloves currently unavailable)
MR       .....                  (boots currently unavailable)
Stlth    +.........             (no amulet)
HPRegen  0.09/turn              (no ring)
MPRegen  0.10/turn              (no ring)

@: fungus-form (expiring), lightly drained
A: tiny, unfitting armour, AC +5
a: no special abilities


You were on level 2 of the Dungeon.
You were a sentient fungus.
You visited 1 branch of the dungeon, and saw 2 of its levels.

You collected 116 gold pieces.

Inventory:

Armour
 i - a +2 pair of gloves (melded)
Scrolls
 d - a scroll of immolation
 e - a scroll of identify
 h - a scroll of amnesia {unknown}
Potions
 a - a potion of curing
 c - a potion of might {unknown}
 f - a potion of brilliance {unknown}
 g - 2 potions of cancellation {unknown}


   Skills:
 + Level 1.1(0.8) Fighting
 + Level 2.1(1.8) Dodging
 + Level 3.6(3.2) Unarmed Combat
 + Level 2.2(1.9) Spellcasting
 + Level 2.6(2.3) Transmutations


You had 5 spell levels left.
You knew the following spells:

 Your Spells              Type           Power        Failure   Level
a - Beastly Appendage     Tmut           #.....       10%         1

Your spell library contained the following spells:

 Spells                   Type           Power        Failure   Level
 Wereblood                Tmut           #.......     14%         2
 Spider Form              Tmut/Pois      #.........   43%         3
 Ice Form                 Ice/Tmut       #.......     83%         4
 Blade Hands              Tmut           #.........   95%         5


Dungeon Overview and Level Annotations

Branches:
Dungeon (2/15)

Altars:
Ashenzari
Makhleb

Annotations:
D:2 Crazy Yiuf


Innate Abilities, Weirdness & Mutations

((Your plain brown scales are hard. (AC +5)))
You cannot fit into any form of body armour.
((You are cold-blooded and may be slowed by cold attacks.))


Message History

Crazy Yiuf zaps a wand.
You resist with significant effort.
Crazy Yiuf laughs, "You!
Adder canine down."
Crazy Yiuf zaps a wand.
You resist with significant effort.
Crazy Yiuf is nearby!
Crazy Yiuf says, "Scoff!
Scoff wrapper pizzabubble."
Crazy Yiuf zaps a wand.
You turn into a sentient fungus.
Your +2 pair of gloves melds into your body.
You're too terrified to move while being watched!
You're too terrified to move while being watched!
You're too terrified to move while being watched!
Unknown command.
You aren't carrying any items that you can evoke.
Unknown command.
Crazy Yiuf zaps a wand.
Crazy Yiuf zaps a wand.
You resist with significant effort.
The now-empty wand crumbles to dust.
Crazy Yiuf yells, "Scoff!"
Your transformation is almost over.
Crazy Yiuf hits you with a +4 quarterstaff of chaos!
You die...

#.# ♣♣...♣ #.####.# #.#.
#.# ♣P...♣ #.#
##.#####.#. #)# #....#
#####.# #........#.
#.######g.## #.....#
#..#######.
#.##.##...#####.#####
#.........[
#.##......#...#.#
#.#########
#.######........# #.#
#...............#######.#
...............gf.......#
#########.......#########
##.....## ##...## #####


You could see Crazy Yiuf.

Vanquished Creatures
  3 worms (D:2)
  2 dart slugs (D:1)
  2 bats (D:2)
  A giant cockroach (D:1)
  6 goblins
  4 hobgoblins
  7 kobolds
  4 frilled lizards
  A rat (D:1)
30 creatures vanquished.

Vanquished Creatures (others)
  5 fungi (D:2)
5 creatures vanquished.

Grand Total: 35 creatures vanquished

Notes
Turn   | Place    | Note
-------+----------+-------------------------------------------
     0 | D:1      | marklar909 the Draconian Transmuter began the quest for the
                  | Orb.
     0 | D:1      | Reached XP level 1. HP: 16/16 MP: 3/3
   482 | D:1      | Reached XP level 2. HP: 23/23 MP: 3/5
  1257 | D:2      | Found a burning altar of Makhleb.
  1270 | D:2      | Reached XP level 3. HP: 18/28 MP: 4/6
  1764 | D:2      | Found a broken altar of Ashenzari.
  2410 | D:2      | Found a runed translucent door.
  2411 | D:2      | Noticed Crazy Yiuf
  2444 | D:2      | Slain by Crazy Yiuf

Illustrated notes

Levels and vault maps discovered:
D:1:      minmay_arrival_jagged, layout_basic
D:2:      layout_loops_ring, ashenzari_altar_1, nicolae_overflow_crystal_walls,
          uniq_crazy_yiuf_cottage

Skill      XL: |  1  2 |
---------------+-------+-----
Dodging        | 2 |  2.1
Fighting       | |  1.1
Unarmed Combat | |  3.6
Spellcasting   | |  2.2
Transmutations | |  2.6

Action                   || total
-------------------------++-------
Melee: Unarmed           ||   106
       Headbutt          ||    11
       Kick              ||    13
       Tailslap          ||    10
 Cast: Beastly Appendage ||    27
  Use: Scroll            ||     4
Armor: Skin              ||    16
Dodge: Dodged            ||    46

Table legend: (Time is in decaauts)
 A = Elapsed time spent in this place.
 B = Non-inter-level travel time spent in this place.
 C = Inter-level travel time spent in this place.
 D = Time resting spent in this place.
 E = Time spent auto-exploring this place.
 F = Levels seen in this place.
 G = Mean time per level.
                   A        B        C        D        E       F      G
               +--------+--------+--------+--------+--------+-----+--------+
         Total |   2436 |   2327 |    109 |     49 |   1981 |   2 | 1218.0 |
       Dungeon |   2436 |   2327 |    109 |     49 |   1981 |   2 | 1218.0 |
               +--------+--------+--------+--------+--------+-----+--------+

Top non-repeatable levels by time:
     D:2: 1326 daAuts
     D:1: 1109 daAuts
